 Dungeon Crawl Stone Soup version 0.30.1-4-g462c640d31 (webtiles) character file.

Game seed: 15875151741730254406

42 TheGhostDragon953 the Chopper (level 3, -5/33 HPs)
             Began as a Minotaur Berserker on Sept 1, 2023.
             Was a Follower of Trog.
             Slain by Sigmund
             ... wielding a +0 scythe
              (9 damage)
             ... on level 2 of the Dungeon.
             The game lasted 00:00:57 (830 turns).

TheGhostDragon953 the Chopper (Minotaur Berserker)   Turns: 830, Time: 00:00:57

Health: -5/33      AC:  2    Str: 23    XL:     3   Next: 33%
Magic:  2/2        EV: 12    Int:  4    God:    Trog [*.....]
Gold:   30         SH:  0    Dex:  9    Spells: 2/2 levels left

rFire   + . .        a - +0 hand axe
rCold   x . .        (no shield)
rNeg    . . .        b - +0 animal skin
rPois   .            (helmet restricted)
rElec   .            (no cloak)
rCorr   .            (no gloves)
SInv    .            (no boots)
Will    .....        (no amulet)
Stlth   +            d - ring of fire
HPRegen 0.25/turn    (no ring)
MPRegen 0.08/turn

%: no passive effects
@: confused
A: horns 2, retaliatory headbutt
a: Renounce Religion, Berserk


You were on level 2 of the Dungeon.
You worshipped Trog.
Trog was aware of your devotion.
You visited 1 branch of the dungeon, and saw 2 of its levels.

You collected 30 gold pieces.

Inventory:

Hand Weapons
 a - a +0 hand axe (weapon)
Armour
 b - a +0 animal skin (worn)
Jewellery
 d - a ring of fire (left hand)
Scrolls
 c - 2 scrolls of identify {unknown}
Potions
 e - a potion of curing {unknown}


   Skills:
 + Level 4.2 Fighting
 + Level 4.5 Axes
 + Level 2.7 Armour
 + Level 2.5 Dodging
 + Level 0.1 Stealth


You had 2 spell levels left.
You didn't know any spells.
Your spell library was empty.

Dungeon Overview and Level Annotations

Branches:
Dungeon (2/15)

Altars:

Annotations:
D:2 Sigmund


Innate Abilities, Weirdness & Mutations

You have a pair of horns on your head.
You reflexively headbutt those who attack you in melee.


Message History

You are frozen!
You feel a terrible chill!
Sigmund the Dreaded comes into view.
He is wielding a +0 scythe, wearing a +1 robe of cold resistance and carrying a wand of quicksilver (9).
You hit the endoplasm. You headbutt the endoplasm.
You kill the endoplasm!
Trog accepts your kill.
You see here a giant cockroach corpse.
Found a robe.
Sigmund mumbles some strange words.
Sigmund flickers and vanishes!
Deactivating autopickup; reactivate with Ctrl-A.
The goblin closely misses you.
You closely miss the goblin. The goblin closely misses you.
You barely miss the worm. You headbutt the worm!
The worm is severely wounded.
You closely miss the giant cockroach. You hit the goblin.
The giant cockroach bites you. Something hits you.
The goblin barely misses you.
The giant cockroach bites you but does no damage.
The worm closely misses you.
You hit the giant cockroach but do no damage.
You hit the worm. You closely miss the goblin.
The goblin completely misses you.
The giant cockroach bites you but does no damage.
Something hits you.
You hit the giant cockroach.
You kill the giant cockroach!
Trog accepts your kill.
You hit the worm. You hit the goblin.
You kill the goblin!
Trog accepts your kill. The worm bites you!
* * * LOW HITPOINT WARNING * * *
Something completely misses you. The worm misses you.
You hear some strange, mumbled words.
You are confused.
Things that are here:
a +0 dagger; 10 gold pieces; a goblin corpse You're too confused to move!
Something hits you!
You die...

......#..........#
................#
#..............#
#..............# . #
#..............#
..#.##..............#
.......w.††..########
.................
......{@.........#
.................#
##...............#
#.........#######
#..........#
#..........#
#....[.....#
#...##.....#


You could see a worm.

Vanquished Creatures
  4 endoplasms
  5 giant cockroaches
  6 goblins
  4 hobgoblins (D:1)
  2 jackals (D:2)
  4 kobolds (D:1)
  4 ball pythons (D:1)
  4 bats (D:1)
  A rat (D:1)
34 creatures vanquished.

Notes
Turn   | Place    | Note
-------+----------+-------------------------------------------
     0 | D:1      | TheGhostDragon953 the Minotaur Berserker began the quest
                  | for the Orb.
     0 | D:1      | Reached XP level 1. HP: 19/19 MP: 0/0
   208 | D:1      | Reached XP level 2. HP: 25/27 MP: 1/1
   241 | D:1      | Found a faded altar of an unknown god.
   455 | D:1      | Reached XP level 3. HP: 33/33 MP: 2/2
   820 | D:2      | Noticed Sigmund
   830 | D:2      | Slain by Sigmund

Illustrated notes

Levels and vault maps discovered:
D:1:      minmay_arrival_floating_metal, layout_basic,
          nicolae_ecumenical_snake_handling
D:2:      layout_basic, uniq_sigmund, uniq_crazy_yiuf_cottage

Skill      XL: |  1  2 |
---------------+-------+-----
Fighting       | 4 |  4.2
Axes           | 4 |  4.5
Armour         | |  2.7
Dodging        | |  2.5
Stealth        | |  0.1

Action                     || total
---------------------------++-------
  Melee: Hand axe          ||    71
         Headbutt          ||     7
 Armour: Animal skin       ||    22
  Dodge: Dodged            ||    71
